 Dungeon Crawl Stone Soup version 0.31-b1-17-gcfd88c8481 (webtiles) character file.

Game seed: 16781047964990829589

263 Arctor the Vexing (level 6, 0/47 HPs)
             Began as a Gnoll Hexslinger on Jan 15, 2024.
             Slain by a black bear (2 damage)
             ... on level 4 of the Dungeon.
             The game lasted 00:01:49 (2546 turns).

Arctor the Vexing (Gnoll Hexslinger)                Turns: 2546, Time: 00:01:49

Health: 0/47       AC:  2    Str:  5    XL:     6   Next: 19%
Magic:  11/11      EV: 14    Int: 13    God:
Gold:   181        SH:  0    Dex: 16    Spells: 9/11 levels left

rFire   . . .        a - +1 sling
rCold   . . .        (no shield)
rNeg    . . .        c - +0 robe
rPois   .            (no helmet)
rElec   .            (no cloak)
rCorr   .            (no gloves)
SInv    .            (no boots)
Will    .....        (no amulet)
Stlth   ++           (no ring)
HPRegen 0.27/turn    (no ring)
MPRegen 0.12/turn

%: no passive effects
@: no status effects
A: fangs 1, strong nose, distributed training, weak 1
a: no special abilities


You were on level 4 of the Dungeon.
You visited 1 branch of the dungeon, and saw 4 of its levels.

You collected 181 gold pieces.

Inventory:

Hand Weapons
 a - a +1 sling (weapon)
Armour
 c - a +0 robe (worn)
Jewellery
 f - a +4 ring of slaying
Scrolls
 b - 2 scrolls of poison
 g - a scroll of immolation {unknown}
 h - 2 scrolls of enchant armour {unknown}
 k - a scroll of blinking {unknown}
 l - a scroll of butterflies {unknown}
 o - 2 scrolls of teleportation {unknown}
 r - a scroll of acquirement {unknown}
 s - a scroll of fog {unknown}
Potions
 i - a potion of attraction
 m - 3 potions of curing {unknown}
 n - a potion of enlightenment {unknown}
 p - a potion of degeneration {unknown}
 q - a potion of lignification {unknown}


   Skills:
 + Level 3.2 Fighting
 + Level 1.9 Short Blades
 + Level 1.9 Long Blades
 + Level 1.9 Axes
 + Level 1.9 Maces & Flails
 + Level 1.9 Polearms
 + Level 1.9 Staves
 + Level 5.0 Ranged Weapons
 + Level 1.9 Throwing
 + Level 1.9 Armour
 + Level 5.0 Dodging
 + Level 1.9 Stealth
 + Level 1.9 Shields
 + Level 1.9 Unarmed Combat
 + Level 3.4 Spellcasting
 + Level 1.5 Conjurations
 + Level 5.6 Hexes
 + Level 1.5 Summonings
 + Level 1.5 Necromancy
 + Level 1.5 Translocations
 + Level 2.6 Fire Magic
 + Level 1.5 Ice Magic
 + Level 1.5 Air Magic
 + Level 1.5 Earth Magic
 + Level 1.5 Alchemy
 + Level 2.1 Invocations
 + Level 1.9 Evocations
 + Level 1.7 Shapeshifting


You had 9 spell levels left.
You knew the following spells:

 Your Spells              Type           Power      Damage    Failure   Level
a - Jinxbite              Hex            32%        N/A       3%          2

Your spell library contained the following spells:

 Spells                   Type           Power      Damage    Failure   Level
 Sigil of Binding         Hex            16%        N/A       6%          3
 Ensorcelled Hibernation  Hex/Ice        22%        N/A       8%          2
 Inner Flame              Hex/Fire       13%        N/A       12%         3
 Cause Fear               Hex            8%         N/A       22%         4
 Fugue of the Fallen      Necr           6%         N/A       34%         3
 Anguish                  Hex/Necr       5%         N/A       45%         4
 Dimensional Bullseye     Hex/Tloc       5%         N/A       45%         4


Dungeon Overview and Level Annotations

Branches:
Dungeon (4/15)
 Temple: D:4-7

Altars:
Gozag

Shops:
D:1 =   D:2 ?   D:3 ::(


Innate Abilities, Weirdness & Mutations

You have very sharp teeth.
Your uncanny sense of smell can sniff out nearby items.
Your experience applies equally to all skills.
You are weak. (Str -2)


Message History

The sling bullet closely misses the black bear.
The black bear bites you. The black bear claws you.
The black bear claws you but does no damage.
The black bear closely misses you. The black bear claws you.
The black bear barely misses you.
You shoot a sling bullet.
The sling bullet hits the black bear but does no damage.
The black bear is heavily wounded.
The black bear misses you. The black bear claws you.
The black bear claws you but does no damage.
You shoot a sling bullet. The sling bullet hits the black bear!
The black bear is severely wounded.
The black bear barely misses you. x2; The black bear claws you.
You shoot a sling bullet. The sling bullet hits the black bear.
The black bear is severely wounded.
The black bear goes berserk!
You shoot a sling bullet. The sling bullet hits the black bear!
The black bear is almost dead.
The black bear bites you. The black bear claws you.
The black bear claws you but does no damage.
The black bear completely misses you. The black bear barely misses you.
The black bear closely misses you.
You are too injured to fight recklessly!
You are too injured to fight recklessly!
You are too injured to fight recklessly!
You are too injured to fight recklessly!
You shoot a sling bullet.
The sling bullet completely misses the black bear.
The black bear barely misses you. The black bear claws you. x2
* * * LOW HITPOINT WARNING * * *
The black bear completely misses you.
The black bear claws you but does no damage.
The black bear claws you.
* * * LOW HITPOINT WARNING * * *
You shoot a sling bullet.
The sling bullet barely misses the black bear.
The black bear bites you.
* * * LOW HITPOINT WARNING * * *
The black bear claws you.
You die...

######.# #.##
#....).#
###.##
#^######
#...# #.##
#...# #.#.###
#...#
..###..#
##)## ###
#.#.# #.#
#.##.# #)# #.
#@# #.#
#.gh.....#
#)#
#...###.###.#
#)# .# #.#
####.### ...
#....... #..
#.##.### ...
# #.# ##..
#.# ...


You could see a black bear (berserk) and a goblin.

Vanquished Creatures
  An ogre (D:4)
  An orc priest (D:3)
  Natasha (D:3)
  3 gnolls (D:4)
  3 adders
  3 dart slugs
  2 ribbon worms
  5 orcs
  2 bats
  5 endoplasms
  2 giant cockroaches
  5 goblins
  4 hobgoblins
  4 jackals (D:2)
  3 quokkas
  4 ball pythons
  2 frilled lizards (D:1)
  8 kobolds
  3 rats
61 creatures vanquished.

Notes
Turn   | Place    | Note
-------+----------+-------------------------------------------
     0 | D:1      | Arctor the Gnoll Hexslinger began the quest for the Orb.
     0 | D:1      | Reached XP level 1. HP: 17/17 MP: 4/4
    77 | D:1      | Reached XP level 2. HP: 23/23 MP: 5/5
    77 | D:1      | Found Fiphutyw's Jewellery Boutique.
   636 | D:1      | Reached XP level 3. HP: 28/28 MP: 7/7
   883 | D:2      | Reached skill level 1 in Invocations
   982 | D:2      | Found Etano's Magic Scroll Shop.
  1020 | D:2      | Reached skill level 1 in Short Blades
  1020 | D:2      | Reached skill level 1 in Long Blades
  1020 | D:2      | Reached skill level 1 in Axes
  1020 | D:2      | Reached skill level 1 in Maces & Flails
  1020 | D:2      | Reached skill level 1 in Polearms
  1020 | D:2      | Reached skill level 1 in Staves
  1020 | D:2      | Reached skill level 1 in Throwing
  1020 | D:2      | Reached skill level 1 in Armour
  1020 | D:2      | Reached skill level 1 in Stealth
  1020 | D:2      | Reached skill level 1 in Shields
  1020 | D:2      | Reached skill level 1 in Unarmed Combat
  1020 | D:2      | Reached skill level 1 in Evocations
  1137 | D:2      | Reached skill level 1 in Shapeshifting
  1137 | D:2      | Reached XP level 4. HP: 34/34 MP: 8/8
  1346 | D:3      | Found Otuh's Weapon Shoppe.
  1349 | D:3      | Reached skill level 1 in Conjurations
  1349 | D:3      | Reached skill level 1 in Summonings
  1349 | D:3      | Reached skill level 1 in Necromancy
  1349 | D:3      | Reached skill level 1 in Translocations
  1349 | D:3      | Reached skill level 1 in Ice Magic
  1349 | D:3      | Reached skill level 1 in Air Magic
  1349 | D:3      | Reached skill level 1 in Earth Magic
  1349 | D:3      | Reached skill level 1 in Alchemy
  1438 | D:3      | Found a faded altar of an unknown god.
  1487 | D:3      | Found Odugicep's Book Emporium.
  1645 | D:3      | Found Jura's Book Boutique.
  1726 | D:3      | Learned a level 2 spell: Jinxbite
  1793 | D:3      | Noticed Natasha
  1798 | D:3      | Killed Natasha
  1799 | D:3      | Reached XP level 5. HP: 33/41 MP: 9/9
  1827 | D:3      | Found an opulent altar of Gozag.
  2347 | D:4      | Noticed an ogre
  2351 | D:4      | Gained mutation: You are weak. (Str -2) [potion of
                  | mutation]
  2359 | D:4      | HP: 1/61 [ogre/+0 giant spiked club (27)]
  2361 | D:4      | Killed an ogre
  2362 | D:4      | Reached skill level 5 in Ranged Weapons
  2362 | D:4      | Reached skill level 5 in Dodging
  2362 | D:4      | Reached XP level 6. HP: 2/47 MP: 9/11
  2533 | D:4      | Noticed a black bear
  2546 | D:4      | HP: 2/47 [black bear (6)]
  2546 | D:4      | Slain by a black bear

Illustrated notes

Levels and vault maps discovered:
D:1:      minmay_arrival_hallway, layout_basic, serial_shops, shop
D:2:      layout_rooms, serial_shops, nicolae_shop_tiny_waterfront
D:3:      layout_rooms, nicolae_gozag_cash_rules_everything_around_me,
          serial_shops, shop, shop, nicolae_book_shop_shelving,
          dreamdust_ecumenical_altar_hidden_monk_grotto, uniq_natasha
D:4:      layout_loops_ring, general_overflow_altar,
          gammafunk_temple_overflow_arena, nicolae_zen_rock_garden,
          minmay_manual_mess

Skill      XL: |  1  2  3  4  5 |
---------------+----------------+-----
Fire Magic     | 2 |  2.6
Invocations    | 1 2 |  2.1
Short Blades   | 1 |  1.9
Long Blades    | 1 |  1.9
Axes           | 1 |  1.9
Maces & Flails | 1 |  1.9
Polearms       | 1 |  1.9
Staves         | 1 |  1.9
Throwing       | 1 |  1.9
Armour         | 1 |  1.9
Stealth        | 1 |  1.9
Shields        | 1 |  1.9
Unarmed Combat | 1 |  1.9
Evocations     | 1 |  1.9
Shapeshifting  | 1 |  1.7
Spellcasting   | 3 |  3.4
Conjurations   | 1 |  1.5
Summonings     | 1 |  1.5
Necromancy     | 1 |  1.5
Translocations | 1 |  1.5
Ice Magic      | 1 |  1.5
Air Magic      | 1 |  1.5
Earth Magic    | 1 |  1.5
Alchemy        | 1 |  1.5
Fighting       | 3 |  3.2
Ranged Weapons | 5 |  5.0
Dodging        | 5 |  5.0
Hexes          | |  5.6

Action                     |  1- 3 |  4- 6 || total
---------------------------+-------+-------++-------
  Melee: Sling             |       |     7 ||     7
   Fire: Sling             |   113 |   104 ||   217
    Use: Potion            |       |     4 ||     4
 Armour: Robe              |    10 |    41 ||    51
  Dodge: Dodged            |    21 |    51 ||    72
